AoeStats
← beni-j-i

Nomad

509178009Analyzed
2v2 RM · 5d ago on Sep 25, 2026· 52m 22s· 4 players
Game mode
Random Map
Map size
176×176
Population
200
Speed
Normal
Resources
Standard
Victory
Conquest
Starting age
Dark Age
Ending age
Imperial Age
RankedLock teamsTeams togetherTeam positionsShared explorationLock speedFull tech treeHidden civsTurbo modeCheats
Victory
Defeat
🇪🇸 Varangians · Spain
1110
+18
🇨🇭 Italians · Switzerland
1107
+18
🇦🇷 Spanish · Argentina
1179
-19
🇦🇷 Wu · Argentina
1128
-17
beni-j-i
4:39 Loom
12:04 Feudal Age
12:42 Double-Bit Axe
12:53 Gold Mining
20:10 Castle Age
18:54 Fletching
20:32 Padded Archer Armor
21:33 Crossbowman
23:00 Stone Mining
24:07 Bodkin Arrow
30:19 Thumb Ring
31:00 Wheelbarrow
31:32 Leather Archer Armor
38:35 Imperial Age
36:48 Hand Cart
37:33 Bow Saw
40:29 Chemistry
45:31 Bombard Tower
45:36 Bracer
45:35 Elite Genoese Crossbowman
46:36 Conscription
48:43 Stone Shaft Mining
50:22 Ring Archer Armor
51:23 Cavalier
52:15 Bloodlines
52:09 Husbandry
OBrien11
3:29 Loom
17:25 Feudal Age
18:40 Wheelbarrow
17:54 Double-Bit Axe
21:34 Fletching
23:58 Forging
23:50 Scale Mail Armor
23:52 Fishing Lines
26:17 Castle Age
24:36 Stone Mining
24:37 Gold Mining
27:49 Bow Saw
28:13 Bodkin Arrow
36:51 Ballistics
40:43 Hand Cart
42:16 Gillnets
47:47 Iron Casting
50:54 Imperial Age
49:17 Murder Holes
49:34 Scale Barding Armor
50:30 Vendel Legacy
LyM.Chufri23
4:44 Loom
14:00 Feudal Age
18:47 Castle Age
18:33 Double-Bit Axe
19:45 Bow Saw
19:30 Gold Mining
22:45 Fletching
39:10 Imperial Age
37:12 Town Watch
37:22 Stone Mining
38:54 Wheelbarrow
39:08 Elite Skirmisher
39:54 Thumb Ring
40:53 Bodkin Arrow
40:59 Padded Archer Armor
43:23 Chemistry
42:33 Bracer
42:48 Leather Archer Armor
43:04 Bloodlines
46:45 Cavalier
47:27 Husbandry
48:24 Leather Archer Armor
48:20 Forging
48:16 Scale Barding Armor
LyM. El Arquitecto
3:06 Loom
15:06 Feudal Age
16:31 Fishing Lines
16:38 Town Watch
16:58 Man-at-Arms
17:25 Arson
23:31 Castle Age
22:00 Gold Mining
22:46 Stone Mining
23:18 Fletching
23:29 Padded Archer Armor
23:37 Scale Mail Armor
26:19 Wheelbarrow
26:33 Gillnets
27:56 Medium Warships
31:27 Gold Shaft Mining
30:40 Double-Bit Axe
31:53 Squires
33:26 Ballistics
33:03 Murder Holes
34:07 Masonry
36:11 Chain Mail Armor
36:06 Forging
38:25 Iron Casting
40:06 Horse Collar
50:43 Imperial Age
Connection lost

Rejoining the realm…

Still unreachable

The connection could not be restored.

Session expired

The server has moved on; the page needs a fresh start.